 Dungeon Crawl Stone Soup version 0.31-a0-204-g7da18cac08 (webtiles) character file.

Game seed: 5450687738774303284

8565 kae the Martial Artist (level 11, -4/110 HPs)
             Began as a Black Draconian Transmuter on June 27, 2023.
             Was a Follower of Ru.
             Slain by a death yak simulacrum (6 damage)
             ... in an ice cave.
             The game lasted 00:12:10 (10645 turns).

kae the Martial Artist (DrTm)                      Turns: 10645, Time: 00:12:11

Health: -4/110     AC: 13    Str: 12    XL:     11   Next: 11%
Magic:  15/18      EV: 16    Int: 18    God:    Ru [*.....]
Gold:   557        SH:  0    Dex: 12    Spells: 10/20 levels left

rFire   x .          .
                       - Unarmed
rCold   + + +        (shield currently unavailable)
rNeg    . . .        (body armour unavailable)
rPois   +            L - melded +0 hat {Int+3}
rElec   .            (cloak currently unavailable)
rCorr   .            (gloves currently unavailable)
SInv    .            (boots currently unavailable)
Will    .....        (no amulet)
Stlth   +            E - +5 ring of evasion
HPRegen 0.38/turn    O - +4 ring of protection
MPRegen 0.16/turn

%: no passive effects
@: ice-form, unable to drink
A: freezing attack, amphibious, boosted hp, (breathe lightning), AC +7, large,
unfitting armour, (electricity resistance), (cold-blooded), inability to drink
after injury 2
a: End Transformation, Renounce Religion


You were in an ice cave.
You worshipped Ru.
Ru was aware of your devotion.
You were a creature of crystalline ice.
You visited 2 branches of the dungeon, and saw 12 of its levels.
You also visited: Sewer and Ice Cave.

You collected 700 gold pieces.
You spent 143 gold pieces at shops.


Innate Abilities, Weirdness & Mutations

You are a creature of crystalline ice.
You have a powerful freezing melee attack.
You are amphibious.
Your maximum health is increased.
Your armour is entirely melded.
You are incapable of wielding weapons or throwing items.
((You can breathe wild blasts of lightning.))
((Your glossy black scales are hard. (AC +7)))
You cannot fit into any form of body armour.
((You are resistant to electric shocks. (rElec)))
((You are cold-blooded and may be slowed by cold attacks.))
You sometimes lose the ability to drink potions when taking damage.


   Skills:
 + Level 7.5 Fighting
 - Level 6.0 Dodging
 - Level 10.0 Unarmed Combat
 - Level 5.0 Spellcasting
 - Level 8.0 Transmutations
 - Level 6.0 Ice Magic
 - Level 2.0 Poison Magic


You had 10 spell levels left.
You knew the following spells:

 Your Spells              Type           Power      Damage    Failure   Level
a - Beastly Appendage     Tmut           66%        N/A       1%          1
b - Wereblood             Tmut           33%        N/A       1%          2
c - Spider Form           Tmut/Pois      22%        N/A       4%          3
d - Ice Form              Ice/Tmut       29%        N/A       8%          4

Your spell library contained the following spells:

 Spells                   Type           Power      Damage    Failure   Level
 Frozen Ramparts          Ice            52%        1d8       3%          3
 Apportation              Tloc           8%         N/A       13%         1
 Necrotise                Necr           16%        1d4       13%         1
 Summon Small Mammal      Summ           16%        N/A       13%         1
 Dazzling Flash           Conj/Hex       8%         N/A       36%         3
 Gell's Gravitas          Tloc           4%         N/A       36%         3
 Summon Guardian Golem    Hex/Summ       4%         N/A       36%         3
 Teleport Other           Tloc           4%         N/A       36%         3
 Volatile Blastmotes      Fire/Tloc      8%         2d10      36%         3
 Summon Ice Beast         Ice/Summ       15%        N/A       36%         4
 Alistair's Intoxication  Tmut/Pois      14%        N/A       43%         5
 Iskenderun's Mystic Bla  Conj/Tloc      4%         2d3       78%         4
 Dispersal                Tloc           2%         N/A       100%        6
 Starburst                Conj/Fire      2%         6d3       100%        6
 Orb of Destruction       Conj           2%         9d5       100%        7
 Spellforged Servitor     Conj/Summ      2%         N/A       100%        7

Inventory:

Missiles
 b - 3 boomerangs of dispersal {=f!f}
 g - 138 stones
 h - 15 boomerangs
 k - 7 curare-tipped darts {=f}
 w - 27 poisoned darts
 B - 5 silver javelins
 G - 3 throwing nets {=f!f}
Armour
 L - a +0 hat of intelligence (melded)
   (You took it off Gastronok on level 10 of the Dungeon)
Jewellery
 c - a ring of ice
   (You found it on level 9 of the Dungeon)
 o - a +4 ring of protection
   (You found it on level 9 of the Dungeon)
 v - a ring of see invisible
   (You found it on level 2 of the Dungeon)
 C - a ring of protection from cold
   (You found it on level 9 of the Dungeon)
 E - a +5 ring of evasion (left front paw)
   (You found it on level 4 of the Dungeon)
 O - a +4 ring of protection (right front paw)
   (You found it on level 3 of the Dungeon)
 P - a ring of poison resistance
   (You found it on level 9 of the Dungeon)
 Z - a ring of wizardry
   (You found it on level 3 of the Dungeon)
Wands
 q - a wand of flame (24)
   (You found it on level 3 of the Dungeon)
 y - a wand of paralysis (21)
   (You found it on level 5 of the Dungeon)
 D - a wand of roots (8)
   (You took it off a gnoll on level 7 of the Dungeon)
 H - a wand of light (4)
   (You found it on level 9 of the Dungeon)
Scrolls
 i - 4 scrolls of immolation {!r!r}
 m - 5 scrolls of teleportation {@r4}
 n - a scroll of silence {!r}
 p - 2 scrolls of enchant armour
 t - a scroll of butterflies
 u - a scroll of fog
 x - a scroll of poison {!r}
 I - 2 scrolls of blinking {!r}
 K - a scroll of identify {@r1}
 M - a scroll of vulnerability {!r!r}
Potions
 a - a potion of lignification {!q}
 d - 3 potions of magic
 e - 2 potions of degeneration {!q}
 f - 2 potions of resistance
 j - 4 potions of enlightenment
 l - a potion of ambrosia
 r - 5 potions of curing {@q1}
 s - 3 potions of haste {@q3}
 z - 2 potions of heal wounds {@q2}
 F - a potion of mutation {!q}
 J - 3 potions of might
Miscellaneous
 A - a piece from Xom's chessboard (15/15)
   (You found it on level 6 of the Dungeon)

Dungeon Overview and Level Annotations

Branches:
Dungeon (11/15) Zot: 26668  Temple (1/1) D:5 Zot: 5806     Orc (0/2) D:9
  Sewer (visited)           IceCv (1/1) Zot: 5990
   Lair: D:8-11

Altars:
Ashenzari
Cheibriados
Dithmenos
Elyvilon
Fedhas
Gozag
Hepliaklqana
Kikubaaqudgha
Makhleb
Nemelex Xobeh
Okawaru
Qazlal
Ru
Sif Muna
Trog
Uskayaw
Vehumet
Wu Jian
Xom
Yredelemnul
Zin
The Shining One

Shops:
D:5 ?

Annotations:
D:6 exclusion: steam dragon, Maggie
D:8 3 runed translucent doors, Vorhees's ghost, novice DjCj
D:10 exclusions: centaur, 2 doors and lava snake
D:11 Josephine

#### ##YZ##
##
##..Z.##.Z##
#......Z...#
#.∩.∩.......
#.......##..
##....###
##..## ####


You could see a death yak simulacrum, an elephant simulacrum and a polar bear
simulacrum.


Message History

Unknown command.
The boulder beetle curls into a ball and begins rolling! 😕 HP[+1]
You howl as the wereblood boils in your veins!
You hear the crackling of a melting archway very nearby.
You howl as the wereblood boils in your veins!
The boulder beetle hits you!
You feel threatened and lose the ability to drink potions!
The boulder beetle stops rolling and uncurls. 😮 HP[-15]
You take 15 damage, and now have 67/109 hp.
You punch the boulder beetle! You freeze the boulder beetle. 😮 MP[+1]
Your mp is fully restored (18).
You hit the boulder beetle but do no damage.
The boulder beetle barely misses you.
Unknown command.
You hit the boulder beetle. You freeze the boulder beetle.
Your primal bloodlust has ended.
The boulder beetle bites you! 😮 HP[-6]
You take 6 damage, and now have 61/109 hp.
You pummel the boulder beetle!! You freeze the boulder beetle!
The boulder beetle bites you but does no damage.
You hit the boulder beetle but do no damage.
The boulder beetle leaps!
Unknown command.
The boulder beetle leaps! 😮 HP[+1]
The boulder beetle curls into a ball and begins rolling! 😮 HP[+1]
A wraith comes into view.
You hit the boulder beetle but do no damage.
You can drink potions again.
The boulder beetle hits you!!!
You feel threatened and lose the ability to drink potions!
* * * LOW HITPOINT WARNING * * *
The boulder beetle stops rolling and uncurls.
You hear a shout! x5 😱 HP[-41]
You take 41 damage, and now have 22/109 hp.
MASSIVE DAMAGE!! (PAUSE)
You pummel the boulder beetle!! You freeze the boulder beetle!
You kill the boulder beetle!
An orc comes into view. It is wielding a +0 hand axe.
Your Fighting skill increases to level 7! 😱 HP[+1]
You now have 110 max hp (+1).
An orc wizard comes into view. It is wielding a +0 dagger of draining.
You see here a boulder beetle corpse.
You can drink potions again. 😱 HP[+1] 😱 HP[+1] 😱 HP[+1] Josephine the Decaying Necromancer comes into view.
She is wielding a +0 dagger of draining.
Your transformation is almost over. 😱 HP[+1] 😨 HP[+1]
There is a frozen archway here. 😨 HP[+1]
The world spins around you as you enter the gateway.
You enter an ice cave!
Found an ice covered gate leading back out of this place.
There is an ice choked empty arch of ancient stone here.
Unknown command. 😨 HP[+1]
You warm up again.
Your +0 hat of intelligence unmelds from your body.
You feel clever. 😨 HP[-5]
You now have 92 max hp (-18).
Casting: Wereblood (safe; 1% risk of failure)
Confirm with . or Enter, or press ? or * to list all spells.
You turn into a creature of crystalline ice.
Your +0 hat of intelligence melds into your body.
You feel stupid. 😨 HP[+6] MP[-4]
You now have 110 max hp (+18).
You regained 6 hp, and now have 31/110 hp.
You lost 4 mp, and now have 14/18 mp.
Unknown command.
You pummel the elephant simulacrum!! You punch the elephant simulacrum!
The death yak simulacrum gores you but does no damage. 😨 HP[+1] Unknown command.
You hit the death yak simulacrum. The death yak simulacrum gores you!
You feel threatened and lose the ability to drink potions!
* * * LOW HITPOINT WARNING * * *
The death yak simulacrum freezes you. You resist.
* * * LOW HITPOINT WARNING * * *
😱 HP[-18]
You take 18 damage, and now have 14/110 hp.
Unknown command.
You hit the death yak simulacrum.
Unknown command.
You punch the death yak simulacrum! The death yak simulacrum gores you!
* * * LOW HITPOINT WARNING * * *
The death yak simulacrum freezes you. You resist.
You die...

Skill      XL: |  1  2  3  4  5  6  7  8  9 10 11 |
---------------+----------------------------------+-----
Poison Magic   | 1 2 |  2.0
Ice Magic      | 1 2 3 4 5 6 |  6.0
Transmutations | 3 4 5 6 8 |  8.0
Spellcasting   | 3 5 |  5.0
Fighting       | 6 7 |  7.5
Unarmed Combat | 9 10 | 10.0
Dodging        | 6 |  6.0

Action                     |  1- 3 |  4- 6 |  7- 9 | 10-12 || total
---------------------------+-------+-------+-------+-------++-------
  Melee: Unarmed           |   130 |   147 |   299 |   191 ||   767
         Tailslap          |    13 |     4 |       |       ||    17
         Headbutt          |     7 |     9 |       |       ||    16
         Kick              |    18 |     9 |       |       ||    27
         Punch             |     1 |       |       |       ||     1
   Cast: Beastly Appendage |    23 |    15 |       |       ||    38
         Spider Form       |       |    11 |     2 |       ||    13
         Wereblood         |       |     5 |    13 |    10 ||    28
         Ice Form          |       |     2 |    24 |    18 ||    44
 Invoke: Reject Sacrifices |       |       |     1 |       ||     1
         Sacrifice Drink   |       |       |       |     1 ||     1
Ability: End Transformatio |       |     1 |       |       ||     1
    Use: Scroll            |     8 |     5 |    10 |     2 ||    25
         Potion            |       |       |     2 |       ||     2
   Stab: Sleeping          |     1 |       |     1 |       ||     2
 Armour: Skin              |    55 |    31 |    89 |    56 ||   231
  Dodge: Dodged            |    87 |   150 |   204 |   132 ||   573

Levels and vault maps discovered:
D:1:      dpeg_arrival_tiny_a, layout_basic
D:2:      layout_loops_ring, minmay_misc_feat_ornament, grunt_ministairs_12
D:3:      layout_loops_ring, st_stairs_6, minmay_strange_pillars
D:4:      layout_loops_ring, ashenzari_conservatory_becter,
          nicolae_hepliaklqana_ecumenical_no_more, uniq_menkaure,
          uniq_crazy_yiuf_cottage
D:5:      layout_cave_pods, eat_drink_and_be_merry_uskayaw,
          nicolae_overflow_hidden_temple, temple_hall, serial_shops,
          nicolae_shop_advertising_works [nicolae_subvault_shop_adworks]
D:6:      layout_loops_ring, cheibrodos_sewer_entry_bend,
          hellmonk_bongcloud_opening, uniq_maggie
D:7:      layout_loops_ring, minitemple, hex_large,
          nicolae_kite_square_tiling_tiny
D:8:      layout_basic, gammafunk_ghost_nasty_kobolds, uniq_grum
D:9:      layout_basic, okawaru_gym_becter, orc_0_dummy, glass_columns_b
D:10:     layout_loops_corners, nicolae_qazlal_scattered_showers,
          vehumet_crystals, minmay_misc_feat_diagonals,
          chequers_serial_rivers_micro_d, kennysheep_opposing_triangles,
          uniq_gastronok
D:11:     layout_cave_pods, lair_entry_dummy,
          portal_ice_cave_entry_ice_simulacra, uniq_josephine, uniq_erica
Temple:   chequers_temple_sunken
IceCv:    ice_cave_small_necro

Notes
Turn   | Place    | Note
-------+----------+-------------------------------------------
     0 | D:1      | kae the Draconian Transmuter began the quest for the Orb.
     0 | D:1      | Reached XP level 1. HP: 16/16 MP: 3/3
     0 | D:1      | magus.rc [v1.11.3]
   128 | D:1      | Reached XP level 2. HP: 22/23 MP: 3/5
   336 | D:1      | Reached skill level 1 in Poison Magic
   590 | D:1      | Reached skill level 1 in Ice Magic
   786 | D:1      | Reached XP level 3. HP: 28/28 MP: 4/6
   791 | D:1      | Learned a level 2 spell: Wereblood
   795 | D:1      | Learned a level 3 spell: Spider Form
  1270 | D:2      | You pick up a book of Dangerous Friends and begin
                  | reading...
  1270 | D:2      | You add the spells Summon Guardian Golem, Orb of
                  | Destruction and Spellforged Servitor to your library.
  1472 | D:2      | Reached XP level 4. HP: 34/35 MP: 7/7
  1532 | D:2      | Reached skill level 2 in Poison Magic
  1804 | D:2      | Reached skill level 3 in Transmutations
  2223 | D:3      | Reached skill level 2 in Ice Magic
  2495 | D:3      | You add the spells Gell's Gravitas, Teleport Other and
                  | Dispersal to your library.
  2777 | D:4      | Reached XP level 5. HP: 40/40 MP: 3/9
  3007 | D:4      | Noticed a black bear
  3012 | D:4      | Noticed a black bear
  3023 | D:4      | Killed a black bear
  3024 | D:4      | Reached skill level 3 in Spellcasting
  3024 | D:4      | Reached skill level 4 in Transmutations
  3024 | D:4      | Reached skill level 3 in Ice Magic
  3024 | D:4      | Reached XP level 6. HP: 40/47 MP: 5/10
  3254 | D:4      | Learned a level 4 spell: Ice Form
  3321 | D:4      | Reached skill level 4 in Ice Magic
  3445 | D:4      | Identified the +9 hammer of Incongruity {speed, rElec}
  3449 | D:4      | Found a runed translucent door.
  3450 | D:4      | Noticed Crazy Yiuf
  3584 | D:4      | Found a faded altar of an unknown god.
  3584 | D:4      | Found a faded altar of an unknown god.
  3584 | D:4      | Found a hazy altar of Hepliaklqana.
  3739 | D:4      | Found a broken altar of Ashenzari.
  3742 | D:4      | Noticed Menkaure
  3757 | D:4      | Reached skill level 5 in Transmutations
  3762 | D:4      | Your scales start taking on a glossy black colour.
  3762 | D:4      | Reached XP level 7. HP: 46/52 MP: 1/11
  3762 | D:4      | Gained mutation: You are resistant to electric shocks.
                  | (rElec) [Black Draconian growth]
  3764 | D:4      | HP: 9/62 [Menkaure (20)]
  3765 | D:4      | Killed Menkaure
  4056 | D:4      | Killed Crazy Yiuf
  4118 | D:5      | Entered Level 5 of the Dungeon
  4132 | D:5      | Reached skill level 5 in Ice Magic
  4214 | D:5      | Found a hide-covered altar of Uskayaw.
  4291 | D:5      | Reached skill level 6 in Transmutations
  4384 | D:5      | HP: 12/62 [iguana (6)]
  4396 | D:5      | Found a staircase to the Ecumenical Temple.
  4407 | Temple   | Entered the Ecumenical Temple
  4579 | Temple   | Became a worshipper of Ru the Awakened
  4634 | D:5      | Reached XP level 8. HP: 59/59 MP: 10/12
  4685 | D:5      | You pick up a book of Party Tricks and begin reading...
  4685 | D:5      | You add the spells Apportation and Alistair's Intoxication
                  | to your library.
  4780 | D:5      | Reached skill level 6 in Ice Magic
  4791 | D:5      | Reached skill level 7 in Transmutations
  4975 | D:5      | Found a bloodstained altar of Trog.
  5059 | D:5      | Found Ybyup's Magic Scroll Shoppe.
  5067 | D:5      | Bought a scroll of identify for 22 gold pieces
  5067 | D:5      | Bought a scroll of identify for 22 gold pieces
  5068 | D:5      | Bought a scroll of identify for 22 gold pieces
  5068 | D:5      | Bought a scroll of identify for 22 gold pieces
  5068 | D:5      | Bought a scroll of identify for 22 gold pieces
  5068 | D:5      | Bought a scroll of teleportation for 33 gold pieces
  5572 | D:6      | Noticed Maggie
  5642 | D:6      | Reached skill level 8 in Transmutations
  5642 | D:6      | Reached skill level 2 in Fighting
  5680 | D:6      | Found a glowing drain.
  5696 | Sewer    | Entered a sewer
  5806 | Sewer    | Reached skill level 3 in Fighting
  5849 | Sewer    | Found a glowing silver altar of Zin.
  6053 | D:6      | Reached skill level 4 in Fighting
  6337 | D:6      | Reached skill level 5 in Fighting
  6793 | D:7      | HP: 10/82 [gnoll/+2 heavy halberd[a gnoll bouda] (19)]
  6798 | D:7      | HP: 9/82 [gnoll/+2 heavy halberd[a gnoll bouda] (2)]
  6803 | D:7      | HP: 5/82 [bullfrog (2)]
  6805 | D:7      | Reached skill level 6 in Fighting
  6805 | D:7      | Reached XP level 9. HP: 9/75 MP: 10/13
  7138 | D:7      | Reached skill level 4 in Unarmed Combat
  7263 | D:7      | Found an ancient bone altar of Kikubaaqudgha.
  7269 | D:7      | Found a blossoming altar of Fedhas.
  7269 | D:7      | Found a glowing golden altar of the Shining One.
  7270 | D:7      | Found a shimmering blue altar of Sif Muna.
  7274 | D:7      | Found a sparkling altar of Nemelex Xobeh.
  7476 | D:7      | Reached skill level 5 in Unarmed Combat
  7735 | D:8      | Noticed Grum
  7747 | D:8      | Killed Grum
  7748 | D:8      | Reached skill level 6 in Unarmed Combat
  7760 | D:8      | Found a runed translucent gate.
  7760 | D:8      | Found a runed translucent gate.
  7760 | D:8      | Found a runed translucent gate.
  7763 | D:8      | Noticed Vorhees's ghost (novice DjCj)
  7782 | D:8      | Reached skill level 7 in Unarmed Combat
  7955 | D:8      | Reached skill level 8 in Unarmed Combat
  8090 | D:8      | Reached skill level 9 in Unarmed Combat
  8090 | D:8      | Reached XP level 10. HP: 83/83 MP: 2/14
  8159 | D:8      | Identified the -2 pair of boots of the Villain {Fly Str+4
                  | Int+2 Dex-4}
  8578 | D:9      | Found a staircase to the Orcish Mines.
  8634 | D:9      | Found an iron altar of Okawaru.
  8867 | D:9      | Reached skill level 10 in Unarmed Combat
  8877 | D:9      | You pick up a book of Cantrips and begin reading...
  8877 | D:9      | You add the spells Necrotise and Summon Small Mammal to
                  | your library.
  8929 | D:9      | Reached skill level 2 in Dodging
  9164 | D:10     | Entered Level 10 of the Dungeon
  9165 | D:10     | Gained mutation: You occasionally lose the ability to drink
                  | potions when taking damage. [Ru sacrifice]
  9165 | D:10     | Gained mutation: You sometimes lose the ability to drink
                  | potions when taking damage. [Ru sacrifice]
  9165 | D:10     | Reached * piety under Ru
  9223 | D:10     | You pick up a book of Spectacle and begin reading...
  9223 | D:10     | You add the spells Volatile Blastmotes, Dazzling Flash,
                  | Iskenderun's Mystic Blast and Starburst to your library.
  9302 | D:10     | Reached skill level 3 in Dodging
  9396 | D:10     | Found a stormy altar of Qazlal.
  9599 | D:10     | Reached skill level 4 in Dodging
  9864 | D:10     | Found a radiant altar of Vehumet.
  9864 | D:10     | Noticed Gastronok
  9942 | D:10     | Killed Gastronok
  9943 | D:10     | Reached skill level 6 in Dodging
 10237 | D:10     | Noticed a catoblepas
 10326 | D:11     | Noticed a cyclops
 10342 | D:11     | Killed a cyclops
 10343 | D:11     | Reached skill level 4 in Spellcasting
 10440 | D:11     | You pick up a book of Rime and begin reading...
 10440 | D:11     | You add the spells Frozen Ramparts and Summon Ice Beast to
                  | your library.
 10479 | D:11     | Reached skill level 5 in Spellcasting
 10487 | D:11     | Reached XP level 11. HP: 82/91 MP: 15/18
 10575 | D:11     | Found a frozen archway.
 10585 | D:11     | Noticed a boulder beetle
 10617 | D:11     | HP: 22/109 [boulder beetle (41)]
 10618 | D:11     | Killed a boulder beetle
 10619 | D:11     | Reached skill level 7 in Fighting
 10626 | D:11     | Noticed Josephine
 10635 | IceCv    | Entered an ice cave
 10643 | IceCv    | HP: 19/110 [death yak simulacrum (13)]
 10645 | IceCv    | HP: 2/110 [death yak simulacrum (13)]
 10645 | IceCv    | Slain by a death yak simulacrum

Vanquished Creatures
  Gastronok (D:10)
  A boulder beetle (D:11)
  A cyclops (D:11)
  2 trolls (D:10)
  10 yaks
  A wraith (D:10)
  Grum (D:8)
  4 steam dragons
  Menkaure (D:4)
  An acid dragon (D:7)
  A water moccasin (D:8)
  3 black bears
  An ice beast (D:7)
  5 orc warriors
  A sky beast (D:8)
  2 wolves (D:8)
  A centaur (D:5)
  An ogre (D:7)
  3 kobold brigands
  A phantom (D:7)
  A bullfrog (D:7)
  3 scorpions
  7 wights
  An elephant simulacrum (IceCv)
  A jelly (D:7)
  6 orc priests
  2 hounds (D:5)
  Crazy Yiuf (D:4)
  4 gnoll boudas
  4 iguanas
  2 sleepcaps
  11 orc wizards
  2 troll simulacra (D:11)
  12 adders
  3 naga simulacra (D:11)
  19 gnolls
  2 river rats (Sewer)
  A shadow imp (D:8)
  A white imp (D:3)
  2 ufetubi
  3 worms
  2 dart slugs
  24 orcs
  12 bats
  6 endoplasms
  3 giant cockroaches
  9 goblins
  6 hobgoblins
  3 jackals
  14 kobolds
  A quokka (D:1)
  5 ball pythons
  6 frilled lizards
  12 rats
233 creatures vanquished.

Vanquished Creatures (others)
  2 orcs (D:8)
2 creatures vanquished.

Grand Total: 235 creatures vanquished

Table legend:
 A = Non-vault XP
 B = Vault XP
 C = Vault XP percentage of total XP
 D = Non-vault monster count
 E = Vault monster count
 F = Vault count percentage of total count
                 A         B        C        D         E       F
            +---------+---------+-------+---------+---------+-------
      Total |    9745 |    2492 |  20.4 |     206 |      27 |  11.6
            +---------+---------+-------+---------+---------+-------
        D:1 |      48 |       0 |   0.0 |      27 |       0 |   0.0
        D:2 |      71 |       3 |   4.1 |      21 |       2 |   8.7
        D:3 |      50 |      13 |  20.6 |      13 |       1 |   7.1
        D:4 |     555 |     212 |  27.6 |      28 |       2 |   6.7
        D:5 |     722 |       0 |   0.0 |      22 |       0 |   0.0
        D:6 |     718 |       5 |   0.7 |      11 |       1 |   8.3
        D:7 |    1038 |       0 |   0.0 |      20 |       0 |   0.0
        D:8 |    2055 |     425 |  17.1 |      27 |       3 |  10.0
        D:9 |     948 |       0 |   0.0 |      19 |       0 |   0.0
       D:10 |    1052 |    1523 |  59.1 |       7 |       1 |  12.5
       D:11 |    2488 |     106 |   4.1 |      11 |       5 |  31.2
      Sewer |       0 |     139 | 100.0 |       0 |      11 | 100.0
      IceCv |       0 |      66 | 100.0 |       0 |       1 | 100.0
            +---------+---------+-------+---------+---------+-------

Skill      XL: |  1  2  3  4  5  6  7  8  9 10 11 |
---------------+----------------------------------+-----
Poison Magic   | 1 2 |  2.0
Ice Magic      | 1 2 3 4 5 6 |  6.0
Transmutations | 3 4 5 6 8 |  8.0
Spellcasting   | 3 5 |  5.0
Fighting       | 6 7 |  7.5
Unarmed Combat | 9 10 | 10.0
Dodging        | 6 |  6.0

Action                     |  1- 3 |  4- 6 |  7- 9 | 10-12 || total
---------------------------+-------+-------+-------+-------++-------
  Melee: Unarmed           |   130 |   147 |   299 |   191 ||   767
         Tailslap          |    13 |     4 |       |       ||    17
         Headbutt          |     7 |     9 |       |       ||    16
         Kick              |    18 |     9 |       |       ||    27
         Punch             |     1 |       |       |       ||     1
   Cast: Beastly Appendage |    23 |    15 |       |       ||    38
         Spider Form       |       |    11 |     2 |       ||    13
         Wereblood         |       |     5 |    13 |    10 ||    28
         Ice Form          |       |     2 |    24 |    18 ||    44
 Invoke: Reject Sacrifices |       |       |     1 |       ||     1
         Sacrifice Drink   |       |       |       |     1 ||     1
Ability: End Transformatio |       |     1 |       |       ||     1
    Use: Scroll            |     8 |     5 |    10 |     2 ||    25
         Potion            |       |       |     2 |       ||     2
   Stab: Sleeping          |     1 |       |     1 |       ||     2
 Armour: Skin              |    55 |    31 |    89 |    56 ||   231
  Dodge: Dodged            |    87 |   150 |   204 |   132 ||   573

Illustrated notes

Table legend:
 A = Kills in this place as a percentage of kills in the entire game.
 B = Kills by you in this place as a percentage of kills by you in the entire game.
 C = Kills by friends in this place as a percentage of kills by friends in the entire game.
 D = Other kills in this place as a percentage of other kills in the entire game.
 E = Experience gained in this place as a percentage of experience gained in the entire game.
 F = Experience gained in this place divided by the number of levels of this place that you have seen.
                   A       B       C       D       E      F
               +-------+-------+-------+-------+-------+----------------------
         Total | 100.0 | 100.0 |   N/A |   N/A | 100.0 | 874.1
       Dungeon |  94.8 |  94.8 |   N/A |   N/A |  98.3 | 1093.8
         Sewer |   4.7 |   4.7 |   N/A |   N/A |   1.1 | 139.0
      Ice Cave |   0.4 |   0.4 |   N/A |   N/A |   0.5 |  66.0
               +-------+-------+-------+-------+-------+----------------------

Table legend: (Time is in decaauts)
 A = Elapsed time spent in this place.
 B = Non-inter-level travel time spent in this place.
 C = Inter-level travel time spent in this place.
 D = Time resting spent in this place.
 E = Time spent auto-exploring this place.
 F = Levels seen in this place.
 G = Mean time per level.
                   A        B        C        D        E       F      G
               +--------+--------+--------+--------+--------+-----+--------+
         Total |  10600 |  10271 |    329 |     21 |   8402 |  14 |  757.1 |
       Dungeon |  10183 |   9863 |    320 |     21 |   8075 |  11 |  925.7 |
        Temple |    193 |    184 |      9 |      0 |    162 |   1 |  193.0 |
         Sewer |    213 |    213 |      0 |      0 |    164 |   1 |  213.0 |
      Ice Cave |      9 |      9 |      0 |      0 |      0 |   1 |    9.0 |
               +--------+--------+--------+--------+--------+-----+--------+

Top non-repeatable levels by time:
     D:4: 1380 daAuts
     D:7: 1133 daAuts
     D:5: 1125 daAuts
    D:10: 1124 daAuts
     D:1: 1060 daAuts
     D:6: 952 daAuts
     D:2: 922 daAuts
     D:3: 748 daAuts
     D:9: 721 daAuts
     D:8: 681 daAuts
    D:11: 331 daAuts
   Sewer: 213 daAuts
  Temple: 193 daAuts
   IceCv: 9 daAuts
